 Dungeon Crawl Stone Soup version 0.18.1-48-g4cf74bf (webtiles) character file.

57 Inkary the Skirmisher (level 4, -2/41 HPs)
             Began as a Hill Orc Fighter on Aug 30, 2016.
             Slain by Skwishie's ghost (10 damage)
             ... on level 3 of the Dungeon.
             The game lasted 00:02:24 (1374 turns).

Inkary the Skirmisher (Hill Orc Fighter)            Turns: 1374, Time: 00:02:24

Health: -2/41      AC:  8    Str: 18    XL:     4   Next: 0%
Magic:  13/13      EV:  2    Int:  8    God:
Gold:   86         SH:  9    Dex: 11    Spells: 0 memorised, 3 levels left

rFire  . . .     SeeInvis +     a - +0 war axe
rCold  . . .     Gourm    .     b - +0 scale mail
rNeg   . . .     Faith    .     c - +0 shield
rPois  .         Spirit   .     s - +0 helmet
rElec  .         Dismiss  .     (no cloak)
rCorr  .         Reflect  .     (no gloves)
SustAt .         Harm     .     (no boots)
MR     .....                    (no amulet)
Stlth  ..........               g - ring of magical power
                                k - ring of see invisible

@: not resistant to hostile enchantments, extremely unstealthy
A: no striking features
a: no special abilities


You were on level 3 of the Dungeon.
You were hungry.

You visited 1 branch of the dungeon, and saw 3 of its levels.

You collected 86 gold pieces.

Inventory:

Hand Weapons
 a - a +0 war axe (weapon)
Armour
 b - a +0 scale mail (worn)
 c - a +0 shield (worn)
 s - a +0 helmet (worn)
Jewellery
 g - a ring of magical power (right hand)
 k - a ring of see invisible (left hand)
Scrolls
 e - 2 scrolls of remove curse {unknown}
 j - a scroll of amnesia {unknown}
 l - a scroll of teleportation {unknown}
 n - a scroll of identify {unknown}
 p - a scroll of fog {unknown}
 r - 2 scrolls of random uselessness {unknown}
Potions
 d - 2 potions of might
 i - a potion of magic {unknown}
 m - a potion of invisibility {unknown}
 o - a potion of curing {unknown}
 q - a potion of mutation {unknown}
 t - 2 potions of cancellation {unknown}
Comestibles
 f - 3 bread rations
 h - a beef jerky


   Skills:
 + Level 4.4 Fighting
 + Level 3.2 Axes
 + Level 0.6 Throwing
 + Level 3.8 Armour
 + Level 3.7 Shields


You had 3 spell levels left.
You didn't know any spells.

Dungeon Overview and Level Annotations

Branches:
Dungeon (3/15)

Altars:
Elyvilon

Annotations:
D:3 Skwishie's ghost, weakling FeMo


Message History

Skwishie's ghost hits you!
Things that are here:
a war axe; an orc corpse Skwishie's ghost hits you.
You block Skwishie's ghost's attack.
Skwishie's ghost hits you but does no damage.
Skwishie's ghost screams, "They lied to you.
The Dungeon just goes down and down forever."
Skwishie's ghost hits you.
Things that are here:
a war axe; an orc corpse You block Skwishie's ghost's attack.
Skwishie's ghost wails, "You must not succeed where I failed!"
You block Skwishie's ghost's attack. You block Skwishie's ghost's attack.
Skwishie's ghost swings its fists at you.
Skwishie's ghost hits you!
* * * LOW HITPOINT WARNING * * *
There is a stone staircase leading up here.
Skwishie's ghost hits you!
You die...

.#.#.#.#.#.# #...#
.#.#...#.#.#####...#
.....bW...?>... ...#
.#....<#.#?######..#
.#######.#.#.......#
. .#.#.#####.#
########.........#
........##)#######
.######.##.#..@#.#
#W##.#.#.W.#
#.##.#.#.#.#
######.##.#.#.#.#
#.........#.#.#.#
#.####.#..#...#.#
....#..#####.#
...#..........#.##
#..................#


You could see Skwishie's ghost.

Vanquished Creatures
  2 adders (D:2)
  A worm (D:2)
  2 dart slugs
  A giant gecko (D:1)
  An orc (D:3)
  2 ball pythons
  5 bats
  3 giant cockroaches
  4 hobgoblins
  3 goblins
  3 kobolds
  4 rats
31 creatures vanquished.

Notes
Turn   | Place    | Note
--------------------------------------------------------------
     0 | D:1      | Inkary the Hill Orc Fighter began the quest for the Orb.
     0 | D:1      | Reached XP level 1. HP: 19/19 MP: 1/1
   103 | D:1      | Reached XP level 2. HP: 17/27 MP: 2/2
   237 | D:1      | Reached skill level 4 in Fighting
   581 | D:2      | Reached XP level 3. HP: 26/33 MP: 3/3
   683 | D:2      | Found a white marble altar of Elyvilon.
  1011 | D:3      | Noticed Skwishie's ghost (weakling FeMo)
  1338 | D:3      | Reached XP level 4. HP: 29/41 MP: 4/4
  1374 | D:3      | Slain by Skwishie's ghost

Skill      XL: |  1  2 |
---------------+-------+-----
Fighting       | 4 |  4.4
Axes           | 3 |  3.2
Throwing       | |  0.6
Armour         | |  3.8
Shields        | |  3.7

Action                   |  1- 3 |  4- 6 || total
-------------------------+-------+-------++-------
Melee: War axe           |   132 |       ||   132
  Eat: Chunk             |     1 |       ||     1
Armor: Scale mail        |    82 |     1 ||    83
Dodge: Dodged            |    54 |       ||    54
Block: Shield            |    90 |     5 ||    95
